 Dungeon Crawl Stone Soup version 0.29.1-2-gbd0b4ee654 (webtiles) character file.

Game seed: 1197554520446781741

45 VictoriousLee the Digger (level 3, 0/19 HPs)
             Began as a Gargoyle Earth Elementalist on Nov 25, 2022.
             Killed from afar by Natasha (8 damage)
             ... with a magic dart
             ... on level 2 of the Dungeon.
             The game lasted 00:07:07 (1373 turns).

VictoriousLee the Digger (GrEE)                     Turns: 1373, Time: 00:07:08

Health: 0/19       AC:  5    Str: 11    XL:     3   Next: 64%
Magic:  6/7        EV: 12    Int: 17    God:
Gold:   96         SH:  0    Dex: 14    Spells: 5/8 levels left

rFire   + . .      SeeInvis .   n - +5 hand axe "Dighee Esej" {freeze, rF+ Dex+4}
rCold   . . .      Faith    .   (no shield)
rNeg    + . .      Spirit   .   a - +0 robe
rPois   ∞          Reflect  .   (no helmet)
rElec   +          Harm     .   (no cloak)
rCorr   +          Rampage  .   (no gloves)
Will    .....                   (no boots)
Stlth   ++........              (no amulet)
HPRegen 0.06/turn               e - ring of resist corrosion
MPRegen 0.10/turn               (no ring)

@: no status effects
A: sickness immunity, AC +3, negative energy resistance 1, electricity
resistance, torment resistance 1, petrification resistance
a: no special abilities


You were on level 2 of the Dungeon.
You visited 1 branch of the dungeon, and saw 2 of its levels.

You collected 96 gold pieces.

Inventory:

Hand Weapons
 f - a +0 dagger
 g - a +0 club
 n - the +5 hand axe "Dighee Esej" (weapon) {freeze, rF+ Dex+4}
   (You found it on level 2 of the Dungeon)

   It freezes those it strikes, dealing additional cold damage.
   It can also slow down cold-blooded creatures.
   Dex:       It affects your dexterity (+4).
   rF:        It protects you from fire.
Missiles
 j - 5 poisoned darts
Armour
 a - a +0 robe (worn)
Jewellery
 e - a ring of resist corrosion (left hand)
Scrolls
 c - a scroll of fear {unknown}
 d - 2 scrolls of teleportation {unknown}
 h - a scroll of identify {unknown}
 i - a scroll of magic mapping {unknown}
 l - a scroll of brand weapon {unknown}
Potions
 b - a potion of magic
 k - a potion of lignification {unknown}
 m - a potion of brilliance {unknown}


   Skills:
 - Level 1.5 Dodging
 - Level 2.1 Stealth
 * Level 3.2 Spellcasting
 - Level 0.7 Transmutations
 + Level 4.2 Earth Magic


You had 5 spell levels left.
You knew the following spells:

 Your Spells              Type           Power      Damage    Failure   Level
a - Sandblast             Erth           34%        2d9       3%          1
p - Passwall              Tmut/Erth      9%         N/A       10%         2

Your spell library contained the following spells:

 Spells                   Type           Power      Damage    Failure   Level
 Stone Arrow              Conj/Erth      20%        3d8       22%         3
 Petrify                  Tmut/Erth      11%        N/A       52%         4


Dungeon Overview and Level Annotations

Branches:
Dungeon (2/15)

Altars:

Annotations:
D:2 Natasha, Sigmund


Innate Abilities, Weirdness & Mutations

You are immune to sickness and miasma.
Your stone body is resilient. (AC +3)
You are immune to poison.
You resist negative energy. (rN+)
You are resistant to electric shocks. (rElec)
You are resistant to unholy torment.
You are immune to petrification.


Message History

Aim: an adder (70% to hit)
The blast of sand hits the adder!
You kill the adder!
The ball python hisses angrily.
You slash the hobgoblin! You freeze the hobgoblin.
You kill the hobgoblin!
The rat barely misses you.
You hit the rat. You freeze the rat.
You kill the rat!
You hit the ball python.
The ball python seems to slow down.
You freeze the ball python.
You kill the ball python!
You see here a hobgoblin skeleton.
Items here: [ †††.
A frilled lizard comes into view.
You closely miss the frilled lizard.
The frilled lizard bites you but does no damage. x2
Natasha hisses angrily.
You hit the frilled lizard.
The frilled lizard seems to slow down.
You freeze the frilled lizard.
You kill the frilled lizard!
Natasha stares at you and mumbles some strange words.
The magic dart hits you!
Items here: [ †††.
You see here a hobgoblin skeleton.
Aiming: Sandblast (safe; 3% risk of failure)
Press: ? - help, Q - select action, (/) - cycle Shift-Dir - straight line, f - endoplasm
Aim: an endoplasm (98% to hit)
The blast of sand hits the endoplasm!
You kill the endoplasm!
Natasha mumbles some strange words.
Natasha barely misses you.
You slash Natasha! You freeze Natasha.
Natasha is almost dead.
Natasha claws you.
You closely miss Natasha.
Natasha is almost dead.
Natasha casts a spell at you. The magic dart hits you!
You die...

#.. ..... ## ##.# #...
#..####.
##..#####..#####..##...
...(..>............... .
##... .....# ###....## ...
#...# #..<####.....##
.....##.#.# ##...##...###...
......†...####....#..#######.
......##..5h@..<.............
####. #######....##########.
# #...#.# #. #..#..# #.
#....## ## ....#.# # ##.....#
....### ..##.#


You could see Natasha and a crimson imp (summoned).

Vanquished Creatures
  An adder (D:2)
  A worm (D:2)
  6 endoplasms
  A giant cockroach (D:1)
  2 goblins (D:1)
  4 hobgoblins
  2 jackals (D:1)
  A quokka (D:1)
  2 ball pythons
  3 bats
  4 frilled lizards
  A kobold (D:1)
  3 rats
31 creatures vanquished.

Notes
Turn   | Place    | Note
-------+----------+-------------------------------------------
     0 | D:1      | VictoriousLee the Gargoyle Earth Elementalist began the
                  | quest for the Orb.
     0 | D:1      | Reached XP level 1. HP: 10/10 MP: 3/3
   176 | D:1      | Reached XP level 2. HP: 6/15 MP: 0/5
   462 | D:1      | Learned a level 2 spell: Passwall
   627 | D:1      | Reached skill level 4 in Earth Magic
  1031 | D:2      | Noticed Sigmund
  1149 | D:2      | Reached XP level 3. HP: 19/19 MP: 5/7
  1230 | D:2      | Identified the +5 hand axe "Dighee Esej" {freeze, rF+
                  | Dex+4}
  1347 | D:2      | Noticed Natasha
  1373 | D:2      | Killed from afar by Natasha

Illustrated notes

Levels and vault maps discovered:
D:1:      amcnicky_arrival_abandoned_market, layout_loops_ring
D:2:      layout_rooms, basic_ecumenical_altar, serial_shops, shop,
          uniq_sigmund, uniq_natasha

Skill      XL: |  1  2  3 |
---------------+----------+-----
Earth Magic    | 4 |  4.2
Spellcasting   | 3 |  3.2
Dodging        | |  1.5
Stealth        | |  2.1
Transmutations | |  0.7

Action                   || total
-------------------------++-------
Melee: Dagger            ||     6
       Hand axe          ||    11
 Cast: Sandblast         ||    30
 Stab: Sleeping          ||     1
Armor: Robe              ||    18
Dodge: Dodged            ||    16
